 Dungeon Crawl Stone Soup version 0.20.0-15-g7f486f2 (webtiles) character file.

683147 KleinerIrrer the Invulnerable (level 27, -2/222 HPs)
             Began as a Formicid Fighter on June 28, 2017.
             Was the Champion of the Shining One.
             Killed by divine providence
             ... invoked by a greater mummy
              (8 damage)
             ... on level 3 of the Tomb of the Ancients on June 30, 2017.
             The game lasted 07:14:24 (82239 turns).

KleinerIrrer the Invulnerable (Formicid Fighter)   Turns: 82239, Time: 07:14:25

Health: -2/222     AC: 51    Str: 39 (43) XL:     27
Magic:  29/40      EV: 30    Int:  8      God:    the Shining One [******]
Gold:   3947       SH: 36    Dex: 23 (26) Spells: 26/26 levels left

rFire    + . .     SeeInvis +   S - +7 great mace (holy)
rCold    . . .     Gourm    .   E - +2 shield of the Empire {rF++ rC- Dex+3}
rNeg     + + +     Faith    .   g - +12 plate armour "Soroiq" {Str+7}
rPois    +         Spirit   .   (helmet unavailable)
rElec    +         Reflect  .   f - +2 cloak {MR+}
rCorr    .         Harm     .   V - +3 pair of gauntlets of War {Slay+5}
MR       +++..                  R - +2 pair of boots
Stlth    ..........             b - amulet "Veyr" {+Rage rElec rF- Str-5 Dex+8}
Regen    0.5/turn               X - ring of Sanwal {rPois rC+ AC+2}
MPRegen  0.3/turn               M - ring "Delleisch" {EV+3 Str+4 Slay+3}

@: mighty, agile, divine shield, glowing
A: permanent stasis, dig shafts and tunnels, four strong arms, antennae 3,
molten scales 1, blurry vision 1, dopey 1, MP-powered wands
}: 4/15 runes: barnacled, silver, abyssal, gossamer
a: Dig, Shaft Self, Divine Shield, Cleansing Flame, Summon Divine Warrior, Brand
Weapon With Holy Wrath, Renounce Religion


You were on level 3 of the Tomb of the Ancients.
You worshipped the Shining One.
The Shining One was exalted by your worship.
You were not hungry.

You visited 11 branches of the dungeon, and saw 51 of its levels.
You visited the Abyss 1 time.
You visited 1 bazaar.
You also visited: Bailey and Wizlab.

You collected 8419 gold pieces.
You spent 4472 gold pieces at shops.

Inventory:

Hand Weapons
 S - a +7 great mace of holy wrath (weapon)
Armour
 f - a +2 cloak of magic resistance (worn)
 g - the +12 plate armour "Soroiq" (worn) {Str+7}
   (You bought it in a shop on level 3 of the Shoals)

   It affects your strength (+7).
 E - the +2 shield of the Empire (worn) {rF++ rC- Dex+3}
   (You found it on level 4 of the Dungeon)

   It affects your dexterity (+3).
   It greatly protects you from fire.
   It makes you vulnerable to cold.
 R - a +2 pair of boots (worn)
 V - the +3 pair of gauntlets of War (worn) {Slay+5}
   (You bought it in a shop on level 2 of the Orcish Mines)

   It affects your accuracy and damage with ranged weapons and melee attacks
   (+5).
Jewellery
 b - the amulet "Veyr" (around neck) {+Rage rElec rF- Str-5 Dex+8}
   (You found it on level 1 of the Depths)

   [amulet of rage]

   It affects your strength (-5).
   It affects your dexterity (+8).
   It makes you vulnerable to fire.
   It insulates you from electricity.
   It lets you go berserk.
 o - a cursed -2 ring of dexterity
 B - an uncursed ring of resist corrosion
 K - an uncursed ring of protection from fire
 M - the ring "Delleisch" (right hand) {EV+3 Str+4 Slay+3}
   (You found it on level 2 of the Depths)

   [ring of evasion]

   It affects your evasion (+3).
   It affects your strength (+4).
   It affects your accuracy and damage with ranged weapons and melee attacks
   (+3).
 X - the ring of Sanwal (left hand) {rPois rC+ AC+2}
   (You bought it in a shop on level 2 of the Depths)

   [ring of protection]

   It affects your AC (+2).
   It protects you from cold.
   It protects you from poison.
 Z - the ring of Leog Bom {+Inv rC+ rN+}
   (You found it on level 3 of the Crypt)

   [ring of positive energy]

   It protects you from cold.
   It protects you from negative energy.
   It lets you turn invisible.
Wands
 i - a wand of digging (14/24)
 j - a wand of lightning (0/15)
 q - a wand of acid (8/15)
 v - a wand of flame (29/48)
 J - a wand of disintegration (10/24)
 Q - a wand of iceblast (7/15)
Scrolls
 c - 2 scrolls of identify
 d - 2 scrolls of enchant armour
 l - 13 scrolls of remove curse
 m - 11 scrolls of recharging
 U - 2 scrolls of magic mapping
Potions
 a - 4 potions of agility
 e - 9 potions of flight
 p - 3 potions of brilliance
 x - 28 potions of curing
 F - 7 potions of magic
 T - 2 potions of resistance
Miscellaneous
 h - a fan of gales (inert)
 n - a sack of spiders
 s - a phial of floods (inert)
 H - a lamp of fire (inert)
Comestibles
 k - 2 royal jellies
 r - 19 meat rations
 G - 47 fruits


   Skills:
 - Level 19.2 Fighting
 - Level 20.1(20.2) Maces & Flails
   Level 2.0(13.8) Staves
 O Level 27 Armour
 - Level 14.1 Dodging
 - Level 19.0 Shields
 * Level 26.1 Invocations
 - Level 14.0 Evocations


You had 26 spell levels left.
You didn't know any spells.

Dungeon Overview and Level Annotations

Branches:
Dungeon (15/15)            Temple (1/1) D:6            Lair (6/6) D:8
 Shoals (4/4) Lair:2       Spider (4/4) Lair:2        Slime (0/5) Lair:5
    Orc (2/2) D:12            Elf (3/3) Orc:2        Vaults (5/5) D:13
  Crypt (3/3) Vaults:2       Tomb (3/3) Crypt:3      Depths (5/5) D:15
    Zot (0/5) Depths:5

Altars:
Ashenzari
Cheibriados
Dithmenos
Fedhas
Hepliaklqana
Kikubaaqudgha
Makhleb
Nemelex Xobeh
Okawaru
Qazlal
Ru
Sif Muna
Uskayaw
Vehumet
Xom
Yredelemnul
Zin
The Shining One
Jiyva

Shops:
D:5 [   D:7 [   D:13 [   Orc:2 *}[[   Elf:1 (   Elf:3 }   Shoals:2 *[?
Shoals:3 :![(   Vaults:3 [   Vaults:4 (   Depths:2 =}=   Depths:5 %*

Portals:
Hell: Lair:6 Depths:1 Depths:2 Depths:3 Depths:4 Depths:5
Abyss: Depths:4
Pandemonium: Depths:1 Depths:2 Depths:3
Ziggurat: Depths:5


Innate Abilities, Weirdness & Mutations

You cannot be hasted, slowed, berserked, paralysed or teleported.
You can dig through walls and to a lower floor.
Your four strong arms can wield two-handed weapons with a shield.
You have a pair of large antennae on your head. (SInv)
You are partially covered in molten scales. (AC +2)
Scrolls take you a little longer to read.
You are dopey. (Int -2)
You expend magic power (3 MP) to strengthen your wands.


Message History

You destroy the freezing wraith!
The golden flame engulfs the mana viper.
You kill the mana viper!
The golden flame engulfs the mummy priest.
The mummy priest writhes in agony!
You destroy the mummy priest!
The Shining One accepts your kill.
You feel extremely nervous for a moment...
You feel weakened.
The golden flame engulfs the greater mummy.
The greater mummy writhes in agony!
The greater mummy is moderately damaged.
The golden flame engulfs the mana viper.
You kill the mana viper!
You feel somewhat more hungry.
The vampire mumbles some strange words.
The vampire flickers and vanishes for a moment.
The greater mummy casts a spell at you. Something smites you!
You die...

########
#...††.#
#34.M)@#
#..≈M)§# {
#.V≈MM§#
{#MVW≈MM#{{
#M.WMzM#{{
.'Z.4WM.M{
.#Z.MMWV#{
#...nZM#


You could see 3 greater mummies, 4 mummy priests, a skeletal warrior, a
jiangshi, a flayed ghost, a shadow wraith (invisible), 7 guardian mummies, a
rust devil, 2 hungry ghosts, a ynoxinul, a chaos spawn, 2 vampires, a
necrophage, a mummy, a quicksilver dragon skeleton, a stone giant skeleton and a
fire giant skeleton.

Vanquished Creatures
  Khufu (Tomb:1)
  4 ancient liches
  Mennas (Tomb:1)
  A juggernaut (Depths:1)
  16 greater mummies
  Sojobo (Tomb:1)
  Frederick (Tomb:1)
  The ghost of Raukatau the Acrobat, a veteran MfGl of Okawaru (Vaults:5)
  3 caustic shrikes
  A profane servitor (Abyss:3)
  3 golden dragons
  4 bone dragons
  Jorgrun (Tomb:2)
  A Hellbinder (WizLab)
  The ghost of zebratul the Warrior, an adept MfGl of Ashenzari (Elf:1)
  9 liches
  3 tentacled monstrosities (Vaults:5)
  3 quicksilver dragons
  A deep elf master archer (Elf:3)
  The ghost of zebratul the Fighter, an adept MfTm of Ashenzari (Elf:2)
  3 titans
  4 deep elf blademasters
  An Executioner (Abyss:2)
  5 ancient champions
  8 tentacled starspawn
  Frances (Spider:1)
  The ghost of groda1 the Warrior, an adept MiBe of Trog (Spider:2)
  7 storm dragons
  4 shadow dragons
  7 sphinxes
  5 tengu reavers
  An azure jelly (Lair:5)
  5 revenants
  10 fire giants
  Ilsuiw (Shoals:4)
  11 frost giants
  9 vault wardens
  9 deep elf sorcerers
  Louise (Spider:2)
  Aizul (Depths:1)
  2 cacodemons
  5 emperor scorpions
  A draconian stormcaller (Depths:5)
  6 ghost moths
  2 balrugs
  2 curse skulls (Crypt:3)
  An orc warlord (D:12)
  6 ghouls
  5 deep elf elementalists
  14 ironheart preservers
  A draconian annihilator (Abyss:2)
  7 reapers
  21 very ugly things
  A war gargoyle (Vaults:4)
  An ophan (Abyss:3)
  2 green draconians (Depths:5)
  12 deep elf demonologists
  24 stone giants
  A black draconian (Abyss:3)
  2 vampire knights (Depths:3)
  7 bennus
  2 purple draconians (Depths:5)
  7 entropy weavers
  10 spark wasps
  6 dire elephants
  13 deep elf annihilators
  12 deep elf death magi
  14 eidola
  Snorg (Orc:2)
  7 merfolk impalers
  7 merfolk javelineers (Shoals:4)
  10 ettins
  2 blizzard demons
  An ettin (shapeshifter) (Vaults:4)
  7 fire dragons
  A quicksilver dragon zombie (Crypt:3)
  A green death (Abyss:3)
  7 great orbs of eyes
  A fire dragon (shapeshifter) (D:15)
  5 deep elf high priests
  31 yaktaur captains
  3 quicksilver dragon skeletons
  Josephine (Orc:1)
  3 jiangshi
  19 mummy priests
  13 ice dragons
  28 vault guards
  5 hydras
  2 hell beasts (WizLab)
  Harold (Orc:1)
  3 rakshasas
  4 merfolk avatars
  6 centaur warriors
  A deep troll shaman (Depths:4)
  4 merfolk aquamancers
  59 two-headed ogres
  31 dancing weapons
  3 death knights
  45 death scarabs
  2 deep troll earth magi
  12 thrashing horrors
  4 satyrs
  7 spriggan berserkers
  2 vampire magi
  6 hell hogs (Abyss:3)
  4 tengu warriors
  15 ogre magi
  17 death yaks
  Urug (Lair:2)
  6 orc high priests
  14 wretched stars
  A sun demon (WizLab)
  A hell knight (Vaults:4)
  26 deep elf knights
  2 storm dragon zombies
  6 soul eaters
  17 small abominations
  A shadow wraith (Crypt:2)
  2 spatial maelstroms
  An iron troll (Depths:4)
  A fire crab (shapeshifter) (D:13)
  A storm dragon skeleton (Vaults:2)
  4 unseen horrors
  A ghost moth zombie (Crypt:3)
  6 flayed ghosts
  16 skeletal warriors
  15 sea snakes
  2 sixfirhies
  A glowing orange brain (shapeshifter) (Depths:5)
  A golden dragon zombie (Crypt:3)
  11 deep trolls
  A quicksilver dragon simulacrum (Abyss:3)
  A shadow demon (Abyss:3)
  A death drake (shapeshifter) (Vaults:1)
  12 glowing orange brains
  A torturous demonspawn (Depths:2)
  A lindwurm (shapeshifter) (Vaults:2)
  4 wizards
  A lindwurm (Lair:6)
  13 ironbrand convokers
  2 wolf spider zombies
  13 necromancers
  20 deep elf archers
  9 orc knights
  10 phantasmal warriors
  23 harpies
  3 shadow dragon zombies
  73 deep elf magi
  4 frost giant zombies
  A wolf spider (shapeshifter) (Vaults:5)
  2 oklob plants (Shoals:2)
  18 orb spiders
  4 orc sorcerers
  39 wolf spiders
  A tengu skeleton (Vaults:2)
  7 fauns
  2 shining eyes (shapeshifter)
  46 ugly things
  3 moths of wrath
  A shadow dragon skeleton (Crypt:3)
  9 cyclopes
  12 manticores
  2 stone giant zombies (Crypt:3)
  4 centaur zombies
  A salamander (Abyss:3)
  Maurice (D:12)
  A cyclops (shapeshifter) (Vaults:3)
  11 merfolk sirens
  An iron dragon skeleton (Crypt:3)
  2 black mambas
  10 elephants
  2 water nymphs
  A rust devil (WizLab)
  A fire giant skeleton (Crypt:3)
  6 apocalypse crabs
  14 vault sentinels
  11 smoke demons
  A black mamba (shapeshifter) (Vaults:4)
  2 guardian serpents (Abyss:3)
  8 orange demons
  5 spectral swamp worms (Depths:3)
  5 rime drakes (Lair:6)
  A purple draconian zombie (Crypt:2)
  10 spiny frogs
  A torpor snail (Spider:1)
  A hellion (WizLab)
  10 demonic crawlers
  9 freezing wraiths
  3 efreet
  2 yaktaurs (shapeshifter) (Vaults:1)
  2 kobold demonologists
  5 tengu conjurers
  10 komodo dragons
  34 yaktaurs
  3 red devils
  4 ice devils
  17 hellwings
  The ghost of loom the Conjurer, a novice DECj of Vehumet (D:5)
  29 jumping spiders
  27 guardian mummies
  A queen bee (Abyss:3)
  2 hydra zombies (Crypt:3)
  5 meliai (Abyss:3)
  2 meliai (shapeshifter)
  8 ancient zymes
  6 trolls
  17 merfolk
  2 jumping spiders (shapeshifter)
  A wolf spider simulacrum (D:14)
  A hydra skeleton (Crypt:3)
  9 wind drakes
  A polar bear (Lair:4)
  Grinder (D:6)
  A hornet (shapeshifter) (Vaults:4)
  15 hornets
  A blink frog (shapeshifter) (D:14)
  19 raiju
  3 bog bodies
  5 snapping turtles
  Prince Ribbit (D:6)
  2 harpy skeletons (Crypt:3)
  20 slime creatures
  26 blink frogs
  2 slime creatures (shapeshifter) (Vaults:4)
  2 hippogriffs (shapeshifter)
  An ettin zombie (Crypt:3)
  4 hippogriffs
  6 dream sheep
  16 large abominations
  10 flying skulls
  4 air elementals
  2 vampires (Abyss:3)
  2 centaur simulacra
  119 redbacks
  An ice dragon zombie (Tomb:2)
  An ice dragon skeleton (Crypt:2)
  3 spriggans
  33 tarantellas
  21 water elementals
  14 wraiths
  5 shadows
  The ghost of KleinerIrrer the Poker, an amateur NaFi (D:4)
  A black mamba skeleton (Crypt:3)
  8 ushabtiu
  4 ynoxinuls
  A hog (shapeshifter) (Vaults:3)
  2 wyverns
  3 fire bats (Abyss:3)
  42 yaks
  4 basilisks
  3 fire elementals
  3 hungry ghosts
  2 steam dragons
  4 chaos spawn
  7 neqoxecs
  2 vampire mosquitoes (D:13)
  2 deep troll zombies
  4 spatial vortices
  A merfolk zombie (Crypt:3)
  A naga (Abyss:3)
  A spiny frog zombie (Crypt:3)
  3 wargs
  A monstrous demonspawn zombie (Crypt:1)
  3 acid dragons
  A merfolk skeleton (Crypt:3)
  15 water moccasins
  A floating eye (Depths:2)
  10 porcupines
  Duvessa (D:6)
  8 hell hounds
  3 ice beasts
  A sky beast (shapeshifter) (D:13)
  32 orc warriors
  A hornet zombie (D:10)
  6 sky beasts
  3 black bears
  4 phantoms
  4 eyes of draining
  A human zombie (Vaults:2)
  3 necrophages
  A snapping turtle skeleton (Crypt:2)
  A black mamba simulacrum (Abyss:2)
  18 centaurs
  34 ogres
  A dream sheep skeleton (Crypt:1)
  A human skeleton (Vaults:2)
  2 swamp dragon skeletons
  4 wolves
  A manticore skeleton (Crypt:3)
  An ogre (shapeshifter) (Vaults:4)
  An elephant skeleton (Crypt:2)
  19 crocodiles
  Blork the orc (D:5)
  8 big kobolds
  12 bullfrogs
  A komodo dragon zombie (Crypt:1)
  3 wyvern zombies
  6 earth elementals
  2 gnoll sergeants
  Dowan (D:6)
  7 wyvern skeletons
  A raiju zombie (Crypt:1)
  9 scorpions
  11 killer bees
  An orc simulacrum (Vaults:2)
  A polar bear skeleton (Crypt:1)
  4 electric eels
  A howler monkey (D:6)
  7 crimson imps
  49 starcursed masses
  5 jellies
  3 quasits
  A bullfrog zombie (D:6)
  11 hounds
  14 orc priests
  30 orc wizards
  4 centaur skeletons
  2 iron imps (Abyss:3)
  2 bullfrog skeletons
  4 iguanas
  Natasha (thrice) (D:2)
  12 worker ants
  A killer bee zombie (D:8)
  A crocodile zombie (Crypt:1)
  An acid dragon zombie (Crypt:2)
  2 human simulacra (D:14)
  2 hound zombies
  27 mummies
  A worker ant zombie (D:5)
  Robin (D:3)
  20 gnolls
  2 howler monkey skeletons
  9 adders
  3 shadow imps
  5 white imps
  3 ufetubi (Abyss:3)
  2 oozes
  2 adder zombies (D:8)
  An adder skeleton (D:7)
  2 worms
  A dart slug (D:2)
  6 leopard geckos
  88 orcs
  A bat skeleton (Crypt:2)
  3 giant cockroaches
  21 goblins
  19 hobgoblins
  11 jackals
  3 quokkas
  A ball python (D:6)
  16 bats
  A frilled lizard (D:3)
  32 kobolds
  A kobold zombie (Crypt:3)
  A leopard gecko skeleton (Crypt:2)
  A quokka skeleton (D:8)
  2 rats
  2 crawling corpses (Vaults:3)
  A fungus (Lair:6)
  4 lurking horrors
  2 plants (Shoals:4)
  12 starspawn tentacles (Abyss:3)
  3 withered plants (Crypt:3)
2660 creatures vanquished.

Vanquished Creatures (collateral kills)
  Mara (Tomb:1)
  3 greater mummies
  Nikola (Elf:1)
  Arachne (Spider:3)
  Rupert (Lair:6)
  A tentacled starspawn (Abyss:3)
  A sphinx (Tomb:1)
  An emperor scorpion (Spider:4)
  A deep elf elementalist (Elf:1)
  An entropy weaver (Vaults:3)
  2 very ugly things (Abyss:3)
  2 spark wasps
  A merfolk javelineer (Shoals:4)
  An eidolon (Abyss:3)
  A blizzard demon (Abyss:3)
  2 mummy priests (Tomb:2)
  A naga warrior (Abyss:3)
  A catoblepas (D:14)
  A dancing weapon (Elf:3)
  7 death scarabs (Tomb:2)
  A spriggan berserker (Depths:2)
  3 wretched stars (Abyss:3)
  4 thrashing horrors (Abyss:3)
  A deep elf knight (Vaults:3)
  A sun demon (Lair:6)
  2 small abominations
  2 sea snakes
  A skeletal warrior (Tomb:2)
  A glowing orange brain (Abyss:3)
  2 deep elf archers
  A necromancer (Vaults:3)
  A deep elf mage (Vaults:3)
  2 wolf spiders
  2 orb spiders (Spider:4)
  A moth of wrath (Spider:3)
  A faun (Shoals:1)
  A smoke demon (Lair:6)
  A spiny frog (Lair:6)
  An orange demon (Lair:6)
  A rime drake (Lair:6)
  3 demonic crawlers
  A yaktaur (Vaults:3)
  2 ice devils (Lair:6)
  10 guardian mummies
  A red devil (Lair:6)
  2 ancient zymes (Abyss:3)
  A troll (shapeshifter) (Abyss:3)
  A hydra zombie (Tomb:1)
  3 jumping spiders
  2 merfolk
  A hornet (Spider:4)
  2 blink frogs
  A snapping turtle (Shoals:1)
  A raiju (Abyss:3)
  4 tarantellas
  8 redbacks
  A fire bat (Abyss:3)
  3 ushabtiu (Tomb:1)
  A chaos spawn (Abyss:3)
  3 large abominations (Abyss:3)
  2 neqoxecs (Abyss:3)
  3 hell hounds (Lair:6)
  4 orc warriors
  3 wolves (Lair:6)
  A snapping turtle zombie (Tomb:2)
  An elf zombie (Abyss:3)
  An earth elemental (Abyss:3)
  A centaur zombie (Tomb:1)
  11 starcursed masses (Abyss:3)
  5 mummies
  An ufetubus (Abyss:3)
  2 orcs
  4 starspawn tentacles (Abyss:3)
151 creatures vanquished.

Vanquished Creatures (others)
  A lich (Tomb:2)
  A fire giant (Depths:2)
  A very ugly thing (Depths:5)
  A bennu (Tomb:2)
  29 death scarabs
  A hell knight (Depths:5)
  An orc knight (Vaults:3)
  3 deep elf magi
  A frost giant zombie (Tomb:2)
  2 water nymphs (Shoals:2)
  A torpor snail (Spider:1)
  A jumping spider (Spider:1)
  2 redbacks
  An orc warrior (Vaults:4)
  A black bear (shapeshifter) (Vaults:5)
  A swamp dragon zombie (Tomb:2)
  A small abomination (Abyss:3)
  A killer bee (Abyss:3)
  A quasit (Abyss:2)
  2 mummies
  An orc (Vaults:4)
  A fungus (Lair:5)
  4 plants
  22 starspawn tentacles (Abyss:3)
  2 withered plants (Crypt:3)
83 creatures vanquished.

Grand Total: 2894 creatures vanquished

Notes
Turn   | Place    | Note
-------+----------+-------------------------------------------
     0 | D:1      | KleinerIrrer the Formicid Fighter began the quest for the Orb.
     0 | D:1      | Reached XP level 1. HP: 18/18 MP: 1/1
   349 | D:1      | Reached XP level 2. HP: 24/24 MP: 2/2
   840 | D:2      | Noticed Natasha
   843 | D:2      | Reached XP level 3. HP: 29/29 MP: 3/3
   848 | D:2      | Killed Natasha
   848 | D:2      | Reached skill level 4 in Armour
   848 | D:2      | Reached XP level 4. HP: 34/37 MP: 4/4
   949 | D:2      | Noticed Natasha
   954 | D:2      | Killed Natasha
  1269 | D:2      | Reached skill level 1 in Maces & Flails
  1359 | D:2      | Noticed Natasha
  1365 | D:2      | Killed Natasha
  1365 | D:2      | Reached XP level 5. HP: 29/42 MP: 5/5
  1725 | D:3      | Noticed Robin
  1736 | D:3      | Killed Robin
  1736 | D:3      | Reached skill level 1 in Dodging
  1947 | D:3      | Reached XP level 6. HP: 44/48 MP: 6/6
  2414 | D:3      | Reached skill level 5 in Shields
  2687 | D:4      | Noticed KleinerIrrer's ghost (amateur NaFi)
  2858 | D:4      | Reached XP level 7. HP: 45/54 MP: 7/7
  3030 | D:4      | Killed KleinerIrrer's ghost
  3030 | D:4      | Reached skill level 5 in Armour
  3212 | D:4      | Found a glowing golden altar of the Shining One.
  3224 | D:4      | Became a worshipper of the Shining One
  3356 | D:4      | Got a slimy shield
  3367 | D:4      | Identified the +2 shield of the Empire {rF++ rC- Dex+3} (You found it on level 4 of the Dungeon)
  3390 | D:4      | Found a glowing golden altar of the Shining One.
  3545 | D:5      | Entered Level 5 of the Dungeon
  3559 | D:5      | Noticed Blork the orc
  3573 | D:5      | Killed Blork the orc
  3573 | D:5      | Reached skill level 5 in Maces & Flails
  3596 | D:5      | Reached XP level 8. HP: 53/60 MP: 8/8
  3815 | D:5      | Noticed loom's ghost (novice DECj)
  3840 | D:5      | Killed loom's ghost
  4004 | D:5      | Found Bauw's Antique Armour Emporium.
  4342 | D:5      | Reached XP level 9. HP: 66/66 MP: 9/9
  4400 | D:6      | Reached * piety under the Shining One
  4400 | D:6      | Reached skill level 6 in Armour
  4401 | D:6      | Found a stormy altar of Qazlal.
  4409 | D:6      | Noticed Grinder
  4427 | D:6      | Killed Grinder
  4427 | D:6      | Reached skill level 5 in Fighting
  4491 | D:6      | Found a staircase to the Ecumenical Temple.
  4682 | D:6      | Noticed Duvessa
  4684 | D:6      | Noticed Dowan
  4689 | D:6      | Noticed Prince Ribbit
  4704 | D:6      | Killed Duvessa
  4707 | D:6      | Killed Dowan
  4774 | D:6      | Killed Prince Ribbit
  4869 | D:6      | Found an iron altar of Okawaru.
  4873 | D:6      | Found a hide-covered altar of Uskayaw.
  4874 | D:6      | Found a sacrificial altar of Ru.
  4875 | D:6      | Found a glowing silver altar of Zin.
  4875 | D:6      | Found a shadowy altar of Dithmenos.
  4875 | D:6      | Found a sparkling altar of Nemelex Xobeh.
  4876 | D:6      | Found a blossoming altar of Fedhas.
  4877 | D:6      | Found a shattered altar of Ashenzari.
  4878 | D:6      | Found a deep blue altar of Sif Muna.
  4880 | D:6      | Found a radiant altar of Vehumet.
  4949 | Temple   | Entered the Ecumenical Temple
  5198 | D:7      | Reached XP level 10. HP: 74/74 MP: 10/10
  5237 | D:7      | Found Dashasy's Antique Armour Shop.
  5481 | D:7      | Reached ** piety under the Shining One
  5494 | D:7      | Reached skill level 7 in Armour
  5701 | D:7      | Reached skill level 10 in Maces & Flails
  5865 | D:8      | Noticed a two-headed ogre
  5876 | D:8      | Killed a two-headed ogre
  6160 | D:8      | Noticed a two-headed ogre
  6180 | D:8      | Killed a two-headed ogre
  6254 | D:8      | Found a staircase to the Lair.
  6255 | D:8      | Noticed a death yak
  6293 | D:8      | Reached XP level 11. HP: 47/83 MP: 11/11
  6298 | D:8      | Killed a death yak
  6663 | D:8      | Reached *** piety under the Shining One
  7531 | D:10     | Entered Level 10 of the Dungeon
  7920 | D:10     | Reached skill level 1 in Invocations
  8055 | D:10     | Reached skill level 8 in Armour
  8191 | D:10     | Noticed a three-headed hydra
  8203 | D:10     | Killed a three-headed hydra
  8475 | D:10     | Found a snail-covered altar of Cheibriados.
  8868 | Lair:1   | Entered Level 1 of the Lair of Beasts
  8960 | Lair:1   | Reached XP level 12. HP: 87/91 MP: 14/14
  9135 | Lair:1   | Reached **** piety under the Shining One
  9247 | Lair:1   | Reached skill level 10 in Shields
  9875 | Lair:2   | Found a hole to the Spider Nest.
  9965 | Lair:2   | Found a staircase to the Shoals.
 10063 | Lair:2   | Noticed a merfolk impaler
 10089 | Lair:2   | Killed a merfolk impaler
 10444 | Lair:2   | Noticed Urug
 10467 | Lair:2   | Killed Urug
 10467 | Lair:2   | Reached skill level 5 in Invocations
 10720 | Lair:3   | Found a deep blue altar of Sif Muna.
 10865 | Lair:3   | Reached XP level 13. HP: 30/99 MP: 17/17
 10887 | Lair:3   | HP: 2/99 [blink frog (8)]
 10910 | Lair:3   | Reached skill level 9 in Armour
 11720 | Lair:2   | Reached skill level 5 in Dodging
 11823 | Lair:3   | Noticed a five-headed hydra
 12157 | Lair:2   | Killed a five-headed hydra
 13703 | D:12     | Found a staircase to the Orcish Mines.
 14035 | D:12     | Reached XP level 14. HP: 108/108 MP: 19/19
 14054 | D:12     | Reached skill level 10 in Armour
 14055 | D:12     | Found a shattered altar of Ashenzari.
 14136 | D:12     | Noticed Maurice
 14148 | D:12     | Killed Maurice
 14715 | Orc:1    | Entered Level 1 of the Orcish Mines
 14723 | Orc:1    | Noticed Harold
 14756 | Orc:1    | Killed Harold
 14829 | Orc:1    | Noticed an orc warlord
 14961 | D:12     | Killed an orc warlord
 15314 | Orc:1    | Found a flagged portal.
 15328 | Bailey   | Entered a bailey
 15900 | Orc:1    | Noticed Josephine
 15922 | Orc:1    | Killed Josephine
 15922 | Orc:1    | Reached skill level 10 in Fighting
 16414 | Orc:2    | Entered Level 2 of the Orcish Mines
 16607 | Orc:2    | Found a staircase to the Elven Halls.
 16608 | Orc:2    | Noticed Snorg
 16631 | Orc:2    | Killed Snorg
 17136 | Orc:2    | Gained mutation: Scrolls take you a little longer to read. [a neqoxec]
 17170 | Orc:2    | Found Imoacuf's Armour Shop.
 17170 | Orc:2    | Found Etiamilo's Armour Shop.
 17171 | Orc:2    | Found Ujuklorph's Assorted Antiques.
 17316 | Orc:2    | Found Plog's Gadget Boutique.
 17323 | Orc:2    | Bought the +3 pair of gauntlets of War {Slay+5} for 712 gold pieces
 17325 | Orc:2    | Bought a scroll of identify for 44 gold pieces
 17325 | Orc:2    | Bought a scroll of fog for 44 gold pieces
 17325 | Orc:2    | Bought a potion of heal wounds for 110 gold pieces
 17325 | Orc:2    | Bought a blackened opal ring for 110 gold pieces
 17466 | D:13     | Found Waffept's Antique Armour Shop.
 17495 | D:13     | Reached ***** piety under the Shining One
 17719 | Lair:1   | Reached skill level 15 in Maces & Flails
 17719 | Lair:1   | Reached skill level 10 in Invocations
 17719 | Lair:1   | Reached XP level 15. HP: 117/117 MP: 22/22
 17897 | D:13     | Reached XP level 16. HP: 122/123 MP: 23/23
 18127 | D:13     | Found a gate to the Vaults.
 18950 | D:14     | You fall through a shaft!
 18950 | D:15     | Entered Level 15 of the Dungeon
 19677 | D:15     | Found a staircase to the Depths.
 21056 | Lair:5   | Reached skill level 15 in Shields
 21450 | Lair:5   | Found a viscous altar of Jiyva.
 21451 | Lair:5   | Found a staircase to the Slime Pits.
 21787 | Lair:5   | Noticed an azure jelly
 21813 | Lair:5   | Killed an azure jelly
 22063 | Lair:6   | Entered Level 6 of the Lair of Beasts
 22320 | Lair:6   | Noticed Rupert
 22345 | Lair:6   | Killed Rupert
 22778 | Lair:6   | Reached XP level 17. HP: 89/131 MP: 25/25
 22824 | Lair:6   | Got a polished broad axe
 22827 | Lair:6   | Identified the +4 broad axe "Pealip" {antimagic, *Rage rF+ Dex+4 SInv} (You found it on level 6 of the Lair of Beasts)
 23620 | Lair:6   | Found a burning altar of Makhleb.
 23696 | Lair:6   | Found a gateway to Hell.
 24144 | Spider:1 | Entered Level 1 of the Spider Nest
 24201 | Spider:1 | Reached skill level 11 in Armour
 25450 | Spider:1 | Reached ****** piety under the Shining One
 26369 | Spider:1 | Noticed Frances
 26388 | Spider:1 | Killed Frances
 27239 | Spider:2 | Noticed groda1's ghost (adept MiBe)
 27299 | Spider:2 | Killed groda1's ghost
 27830 | Spider:2 | Reached XP level 18. HP: 97/140 MP: 27/27
 27975 | Spider:2 | Noticed Louise
 27990 | Spider:2 | Killed Louise
 28963 | Spider:3 | Noticed Arachne
 28979 | Spider:3 | Killed Arachne
 30180 | Spider:4 | Entered Level 4 of the Spider Nest
 33080 | Spider:4 | Reached XP level 19. HP: 140/148 MP: 29/29
 33151 | Spider:4 | Reached skill level 5 in Evocations
 33845 | Spider:4 | Got a gossamer rune of Zot
 34194 | Shoals:1 | Entered Level 1 of the Shoals
 35528 | Orc:2    | Bought a scroll of identify for 44 gold pieces
 35528 | Orc:2    | Bought a scroll of identify for 44 gold pieces
 35559 | Elf:1    | Entered Level 1 of the Elven Halls
 35582 | Elf:1    | Found a radiant altar of Vehumet.
 35852 | Elf:1    | Noticed Nikola
 35879 | Elf:1    | HP: 2/149 [Nikola/chain lightning (13)]
 35880 | Elf:1    | Killed Nikola
 36712 | Elf:1    | Got a steaming leather armour
 36770 | Elf:1    | Noticed zebratul's ghost (adept MfGl)
 36820 | Elf:1    | Killed zebratul's ghost
 36947 | Elf:1    | Found Hiozob's Weapon Boutique.
 37729 | Elf:2    | Found a runed gate.
 37729 | Elf:2    | Found a runed gate.
 37729 | Elf:2    | Found a runed gate.
 37756 | Elf:2    | Reached skill level 10 in Dodging
 38038 | Elf:2    | Reached XP level 20. HP: 66/156 MP: 30/30
 39165 | Elf:2    | Reached skill level 12 in Armour
 39395 | Elf:2    | Noticed zebratul's ghost (adept MfTm)
 39450 | Elf:2    | Killed zebratul's ghost
 39943 | Elf:3    | Entered Level 3 of the Elven Halls
 40760 | Elf:3    | Found Ehauph's Gadget Boutique.
 41048 | Elf:3    | Got an opalescent robe
 41680 | Elf:3    | Noticed a Tzitzimitl
 42722 | Elf:3    | Identified the +2 leather armour of Masochism {+Blink rPois} (You found it on level 1 of the Elven Halls)
 42725 | Elf:3    | Identified the +1 robe "Hagod" {rElec Str+4 Int+3} (You found it on level 3 of the Elven Halls)
 42908 | Elf:3    | Reached skill level 15 in Invocations
 42908 | Elf:3    | Reached XP level 21. HP: 164/164 MP: 32/32
 43166 | Elf:3    | Got a smoking glaive {chop}
 43168 | Elf:3    | Got an uncursed pitted shortbow {freeze}
 43237 | Elf:2    | Identified the +5 glaive of Patience {chop, rF+ rC+ MR-} (You took it off a deep elf annihilator on level 3 of the Elven Halls)
 43832 | Elf:3    | Identified Sif Muna's Almanac of the Voyage and the Frostbite
 44524 | Lair:1   | Identified the +7 shortbow of Destiny {freeze, -Tele +Inv Str+8 Dex-4} (You took it off a deep elf archer on level 3 of the Elven Halls)
 45617 | Shoals:2 | Found Aniopuz's General Store.
 45657 | Shoals:2 | Found Vaghir's Magic Scroll Shop.
 45735 | Shoals:2 | Found Wawneoge's Antique Armour Emporium.
 45828 | Shoals:2 | Bought a scroll of enchant weapon for 120 gold pieces
 45828 | Shoals:2 | Bought a scroll of identify for 32 gold pieces
 45828 | Shoals:2 | Bought a scroll of enchant armour for 120 gold pieces
 45828 | Shoals:2 | Bought a scroll of identify for 32 gold pieces
 45859 | Shoals:2 | Bought a scroll of identify for 36 gold pieces
 45859 | Shoals:2 | Bought a scroll of identify for 36 gold pieces
 45876 | Bazaar   | Entered a bazaar
 45880 | Bazaar   | Found Disaeti's Armour Boutique.
 45897 | Bazaar   | Found Xewymema's Book Shoppe.
 45908 | Bazaar   | Found Rizubeju's Food Shoppe.
 45932 | Bazaar   | Found Gutiun's Book Boutique.
 46021 | Bazaar   | Bought a royal jelly for 12 gold pieces
 46021 | Bazaar   | Bought a bread ration for 30 gold pieces
 46021 | Bazaar   | Bought a royal jelly for 12 gold pieces
 46021 | Bazaar   | Bought a bread ration for 30 gold pieces
 46021 | Bazaar   | Bought a meat ration for 30 gold pieces
 46021 | Bazaar   | Bought a meat ration for 30 gold pieces
 46021 | Bazaar   | Bought a royal jelly for 12 gold pieces
 46021 | Bazaar   | Bought a bread ration for 30 gold pieces
 46021 | Bazaar   | Bought 2 fruits for 18 gold pieces
 46021 | Bazaar   | Bought a royal jelly for 12 gold pieces
 46021 | Bazaar   | Bought a royal jelly for 12 gold pieces
 46021 | Bazaar   | Bought a royal jelly for 12 gold pieces
 46021 | Bazaar   | Bought a royal jelly for 12 gold pieces
 46021 | Bazaar   | Bought a bread ration for 30 gold pieces
 46021 | Bazaar   | Bought a meat ration for 30 gold pieces
 47347 | Shoals:3 | Found Cown's Antique Armour Emporium.
 47358 | Shoals:3 | Bought a jasper-encrusted plate armour for 1148 gold pieces
 47368 | Shoals:3 | Identified the +12 plate armour "Soroiq" {Str+7} (You bought it in a shop on level 3 of the Shoals)
 47408 | Shoals:3 | Found Vubow's Distillery.
 47419 | Shoals:3 | Bought 2 potions of heal wounds for 120 gold pieces
 47419 | Shoals:3 | Bought a potion of curing for 36 gold pieces
 47419 | Shoals:3 | Bought a potion of heal wounds for 60 gold pieces
 47419 | Shoals:3 | Bought a potion of curing for 36 gold pieces
 47564 | Shoals:3 | Found Velug's Book Shoppe.
 47698 | Shoals:3 | Found Kehon's Weapon Shoppe.
 47886 | Shoals:4 | Entered Level 4 of the Shoals
 47984 | Shoals:4 | Noticed Ilsuiw
 48051 | Shoals:4 | Killed Ilsuiw
 48547 | Shoals:4 | Reached skill level 13 in Armour
 49162 | Shoals:4 | Reached XP level 22. HP: 148/173 MP: 33/33
 49570 | Shoals:4 | Got a barnacled rune of Zot
 50741 | Depths:1 | Entered Level 1 of the Depths
 50948 | Depths:1 | Noticed a juggernaut
 50963 | Depths:1 | Killed a juggernaut
 50963 | Depths:1 | Reached skill level 10 in Evocations
 50964 | Depths:1 | Noticed a caustic shrike
 50973 | Depths:1 | Killed a caustic shrike
 50988 | Depths:1 | Reached skill level 15 in Fighting
 51466 | Depths:1 | Got an ancient golden amulet
 51468 | Depths:1 | Got a crystal great mace
 51471 | Depths:1 | Got a smoking chain mail
 51473 | Depths:1 | Got a heavily runed bronze ring
 51476 | Depths:1 | Identified Sif Muna's Handbook of Icy Transmigration
 51506 | Depths:1 | Noticed Aizul
 51521 | Depths:1 | Killed Aizul
 51528 | Depths:1 | Identified the amulet "Veyr" {+Rage rElec rF- Str-5 Dex+8} (You found it on level 1 of the Depths)
 51530 | Depths:1 | Identified the +6 great mace of the Final Decision {venom, MP+9 Int+7} (You found it on level 1 of the Depths)
 51535 | Depths:1 | Identified the ring "Odeah" {-Tele rPois Dex+8 Stlth-} (You found it on level 1 of the Depths)
 51547 | Depths:1 | Identified the cursed +1 chain mail of Quiqac {Int+4} (You found it on level 1 of the Depths)
 51813 | Depths:1 | Gained mutation: You are partially covered in molten scales. (AC +2) [a neqoxec]
 51829 | Depths:1 | Gained mutation: You are dopey. (Int -2) [a neqoxec]
 51866 | Depths:1 | Found a one-way gate leading to the halls of Pandemonium.
 51971 | Depths:1 | Reached skill level 14 in Armour
 52712 | Depths:2 | Found Bolamani's Jewellery Boutique.
 52712 | Depths:2 | Found Maihyuff's Gadget Shoppe.
 52713 | Depths:2 | Found Wittys's Jewellery Boutique.
 52731 | Depths:2 | Bought the ring of Sanwal {rPois rC+ AC+2} for 535 gold pieces
 52898 | Depths:2 | Got an iridescent battleaxe
 52915 | Depths:2 | Found a runed door.
 52917 | Depths:2 | Noticed a golden dragon
 52917 | Depths:2 | Noticed a caustic shrike
 52942 | Depths:2 | Killed a caustic shrike
 52978 | Depths:2 | Killed a golden dragon
 53126 | Depths:2 | Got a sparkling glass ring
 53135 | Depths:2 | Identified the ring "Delleisch" {EV+3 Str+4 Slay+3} (You found it on level 2 of the Depths)
 53519 | Depths:2 | Reached XP level 23. HP: 172/182 MP: 34/34
 53822 | Vaults:1 | Entered Level 1 of the Vaults
 54455 | Vaults:1 | Reached skill level 15 in Armour
 55619 | Vaults:2 | Identified a scroll of acquirement
 55675 | Vaults:2 | Got an ancient platinum ring
 55677 | Vaults:2 | Identified the ring of the Lonely Places {+Fly Str+4} (You acquired it on level 2 of the Vaults)
 56285 | Vaults:2 | Found a staircase to the Crypt.
 56320 | Vaults:2 | Identified the +10 battleaxe of Gaich {pain, *Drain rPois rN++ Int+3} (You found it on level 2 of the Depths)
 56410 | Vaults:2 | Reached XP level 24. HP: 195/195 MP: 32/34
 57369 | Vaults:3 | Found Piumn's Antique Armour Emporium.
 59238 | Vaults:4 | Reached skill level 16 in Armour
 59262 | Vaults:4 | Found Teeroefoh's Antique Weapon Emporium.
 59270 | Vaults:4 | Bought a slimy dire flail for 405 gold pieces
 59270 | Vaults:4 | Identified the cursed +2 dire flail "Plog" {venom, Dex+3} (You bought it in a shop on level 4 of the Vaults)
 59956 | Vaults:4 | Reached XP level 25. HP: 204/208 MP: 34/34
 60742 | Vaults:5 | Entered Level 5 of the Vaults
 60830 | Vaults:5 | Reached skill level 17 in Armour
 61603 | Vaults:5 | Noticed an ancient lich
 61614 | Vaults:4 | Killed an ancient lich
 61671 | Vaults:4 | Reached skill level 18 in Armour
 61724 | Vaults:5 | Noticed Raukatau's ghost (veteran MfGl)
 62013 | Vaults:5 | Noticed an ancient lich
 62917 | Vaults:4 | Reached XP level 26. HP: 210/215 MP: 34/34
 63407 | Vaults:4 | Reached skill level 19 in Armour
 64034 | Vaults:5 | Killed Raukatau's ghost
 64066 | Vaults:4 | Killed an ancient lich
 64491 | Vaults:5 | Reached skill level 20 in Armour
 64877 | Vaults:5 | Got a steaming golden amulet
 64880 | Vaults:5 | Identified the amulet of Vuteloc {Faith Int+4} (You found it on level 5 of the Vaults)
 64987 | Vaults:5 | Gained mutation: You expend magic power (3 MP) to strengthen your wands. [a neqoxec]
 65194 | Vaults:5 | Got a silver rune of Zot
 65233 | Vaults:5 | Reached skill level 21 in Armour
 66203 | Crypt:1  | Entered Level 1 of the Crypt
 66304 | Crypt:1  | Found a magical portal.
 66309 | WizLab   | Entered The Hall of the Hellbinder
 66468 | WizLab   | Found a burning altar of Makhleb.
 66494 | WizLab   | Identified Amint's Compendium of the Escort
 66521 | WizLab   | Identified the Tome of Summoning
 66593 | WizLab   | Reached XP level 27. HP: 222/222 MP: 34/34
 67193 | Crypt:1  | Reached skill level 22 in Armour
 68061 | Crypt:3  | Entered Level 3 of the Crypt
 68557 | Crypt:3  | Found a staircase to the Tomb.
 68726 | Crypt:3  | Reached skill level 23 in Armour
 68871 | Crypt:3  | Noticed an ancient lich
 68884 | Crypt:3  | Killed an ancient lich
 68891 | Crypt:3  | Got a faintly glowing gossamer ring
 68891 | Crypt:3  | Got a wavering jade ring
 68914 | Crypt:3  | Identified the ring "Bunwompo" {rN+ Str+2} (You found it on level 3 of the Crypt)
 68952 | Crypt:3  | Identified the ring of Leog Bom {+Inv rC+ rN+} (You found it on level 3 of the Crypt)
 69105 | Crypt:3  | Found an ancient bone altar of Kikubaaqudgha.
 69718 | Tomb:1   | Entered Level 1 of the Tomb of the Ancients
 69718 | Tomb:1   | Noticed Frederick
 69728 | Tomb:1   | Killed Frederick
 69969 | Tomb:1   | Reached skill level 24 in Armour
 70078 | Tomb:1   | Noticed Mara
 70083 | Tomb:1   | Noticed KleinerIrrer's illusion
 70091 | Tomb:1   | Killed Mara
 70789 | Tomb:1   | Noticed Mennas
 70834 | Tomb:1   | Killed Mennas
 71320 | Tomb:1   | Noticed a greater mummy
 71331 | Tomb:1   | Killed a greater mummy
 71589 | Tomb:2   | Noticed Jorgrun
 71595 | Tomb:2   | Noticed a greater mummy
 71596 | Tomb:2   | Noticed an ancient lich
 71597 | Tomb:2   | Noticed a greater mummy
 71597 | Tomb:2   | Noticed a greater mummy
 71599 | Tomb:2   | Killed Jorgrun
 71599 | Tomb:2   | Reached skill level 25 in Armour
 71611 | Tomb:2   | Killed an ancient lich
 71611 | Tomb:2   | Killed a greater mummy
 71614 | Tomb:2   | Killed a greater mummy
 71615 | Tomb:2   | Killed a greater mummy
 72882 | Depths:3 | Reached skill level 26 in Armour
 74236 | Depths:4 | Found a one-way gate to the infinite horrors of the Abyss.
 74517 | Depths:5 | Entered Level 5 of the Depths
 74624 | Depths:5 | Found Millik's Food Shoppe.
 74632 | Depths:5 | Found Toreeplu's Assorted Antiques.
 74636 | Depths:5 | Bought a potion of might for 168 gold pieces
 74636 | Depths:5 | Bought a potion of brilliance for 168 gold pieces
 74686 | Depths:5 | Reached skill level 27 in Armour
 75279 | Depths:5 | Found a gate to the Realm of Zot.
 75364 | Depths:5 | Found a gateway to a ziggurat.
 76474 | Depths:4 | Voluntarily entered the Abyss.
 77813 | Abyss:3  | Lost intelligence.
 77880 | Abyss:3  | Lost intelligence.
 77927 | Abyss:3  | Lost intelligence.
 78909 | Abyss:3  | Found a corrupted altar of Lugonu.
 78998 | Abyss:3  | Got an abyssal rune of Zot
 79134 | Depths:4 | Escaped the Abyss
 79837 | Tomb:1   | Noticed a greater mummy
 79837 | Tomb:1   | Noticed a greater mummy
 79841 | Tomb:1   | Noticed a greater mummy
 79842 | Tomb:1   | Killed a greater mummy
 79852 | Tomb:1   | Killed a greater mummy
 79858 | Tomb:1   | Killed a greater mummy
 80060 | Tomb:1   | Noticed a greater mummy
 80064 | Tomb:1   | Killed a greater mummy
 80070 | Tomb:1   | Noticed a greater mummy
 80078 | Tomb:1   | Killed a greater mummy
 80085 | Tomb:1   | Noticed a greater mummy
 80092 | Tomb:1   | Killed a greater mummy
 80137 | Tomb:1   | Noticed Khufu
 80142 | Tomb:1   | Killed Khufu
 80144 | Tomb:1   | Noticed a greater mummy
 80152 | Tomb:1   | Killed a greater mummy
 80178 | Tomb:1   | Noticed Sojobo
 80194 | Tomb:1   | Killed Sojobo
 80377 | Tomb:1   | Noticed a greater mummy
 80391 | Tomb:1   | Killed a greater mummy
 80712 | Tomb:1   | Noticed a greater mummy
 80714 | Tomb:1   | Noticed a greater mummy
 80719 | Tomb:1   | Killed a greater mummy
 80721 | Tomb:1   | Noticed a greater mummy
 80723 | Tomb:1   | Noticed a greater mummy
 80734 | Tomb:1   | Killed a greater mummy
 80811 | Tomb:1   | Killed a greater mummy
 81032 | Tomb:1   | Killed a greater mummy
 81250 | Tomb:1   | Noticed a greater mummy
 81260 | Tomb:1   | Killed a greater mummy
 81584 | Tomb:1   | Noticed a greater mummy
 81589 | Tomb:1   | Killed a greater mummy
 82101 | Tomb:3   | Entered Level 3 of the Tomb of the Ancients
 82210 | Tomb:3   | Noticed a greater mummy
 82212 | Tomb:3   | Noticed a greater mummy
 82220 | Tomb:3   | Noticed a greater mummy
 82221 | Tomb:3   | Noticed a greater mummy
 82235 | Tomb:3   | HP: 8/222 [greater mummy/divine providence (13)]
 82236 | Tomb:3   | Killed a greater mummy
 82239 | Tomb:3   | Killed from afar by a greater mummy

Skill      XL: |  1  2  3  4  5  6  7  8  9 10 11 12 13 14 15 16 17 18 19 20 21 22 23 24 25 26 27 |
---------------+----------------------------------------------------------------------------------+-----
Armour         | 4 5 6 7 8 9 10 11 12 13 14 15 16 18 21 27 | 27.0
Shields        | 4 5 6 8 9 11 12 14 15 16 17 18 19 | 19.0
Maces & Flails | 1 2 3 5 7 9 10 12 13 15 16 17 18 19 20 | 20.1
Fighting       | 4 5 6 7 8 9 10 11 12 13 14 15 17 19 | 19.2
Dodging        | 1 2 3 4 5 6 7 8 9 10 11 12 13 14 | 14.1
Invocations    | 2 5 7 10 11 12 13 14 15 26 | 26.1
Evocations     | 3 4 6 8 9 10 11 12 14 | 14.0
Staves         | |  2.0

Action                   |  1- 3 |  4- 6 |  7- 9 | 10-12 | 13-15 | 16-18 | 19-21 | 22-24 | 25-27 || total
-------------------------+-------+-------+-------+-------+-------+-------+-------+-------+-------++-------
Melee: Quarterstaff      |    38 |       |       |       |       |       |       |       |       ||    38
       Whip              |     8 |   194 |   196 |   753 |  1151 |  2084 |   744 |       |       ||  5130
       Mace              |       |    16 |    44 |       |       |       |       |       |       ||    60
       Dire flail        |       |       |       |       |       |       |  1005 |    88 |       ||  1093
       Great mace        |       |       |       |       |       |       |       |  1244 |  2591 ||  3835
 Fire: Heavy crossbow    |       |       |       |       |       |       |     9 |       |       ||     9
Invok: Divine Shield     |       |       |       |     3 |    10 |    14 |     8 |     3 |    11 ||    49
       Cleansing Flame   |       |       |       |       |     3 |       |     1 |     4 |    25 ||    33
       Summon Divine War |       |       |       |       |       |     9 |     6 |     3 |    20 ||    38
Evoke: Wand              |       |       |       |       |     3 |    15 |    61 |    12 |    15 ||   106
       Lightning rod     |       |       |       |       |       |       |     3 |       |       ||     3
       Sack of spiders   |       |       |       |       |       |       |       |       |     2 ||     2
       Fan of gales      |       |       |       |       |       |       |       |       |     1 ||     1
       Lamp of fire      |       |       |       |       |       |       |       |       |     1 ||     1
       Phial of floods   |       |       |       |       |       |       |       |       |     1 ||     1
  Use: Scroll            |       |     4 |       |    15 |     9 |     8 |    19 |    15 |    10 ||    80
       Potion            |       |       |       |     2 |     6 |     7 |     5 |     1 |    31 ||    52
  Eat: Chunk             |       |     6 |     4 |    14 |    18 |    19 |    28 |    18 |    20 ||   127
       Bread ration      |       |       |     1 |     1 |     2 |     4 |     5 |     3 |     8 ||    24
       Meat ration       |       |       |       |       |       |     3 |     1 |       |     5 ||     9
       Fruit             |       |       |       |       |       |       |     1 |       |       ||     1
       Royal jelly       |       |       |       |       |       |       |       |     1 |     1 ||     2
Armor: Scale mail        |    18 |    89 |     1 |       |       |       |       |       |       ||   108
       Pearl dragon scal |       |       |    51 |   119 |   210 |   564 |   331 |       |       ||  1275
       Plate armour      |       |       |       |       |       |       |   113 |   280 |   724 ||  1117
Dodge: Dodged            |    13 |    62 |    51 |   141 |   232 |   590 |   459 |   399 |  1376 ||  3323
Block: Shield            |    19 |   136 |   107 |   314 |   636 |  1368 |  1116 |   909 |  2514 ||  7119
